 Dungeon Crawl Stone Soup version 0.30.0-20-g3615ddf2f0 (webtiles) character file.

Game seed: 5596117796193851709

715 qw the Chopper (level 7, 0/43 HPs)
             Began as a Gargoyle Fighter on May 31, 2023.
             Killed from afar by a steam dragon (14 damage)
             ... with a ball of steam
             ... on level 5 of the Dungeon.
             The game lasted 00:02:15 (3964 turns).

qw the Chopper (Gargoyle Fighter)                   Turns: 3964, Time: 00:02:16

Health: 0/43       AC: 15    Str: 22    XL:     7   Next: 69%
Magic:  7/7        EV:  8    Int:  8    God:
Gold:   272        SH:  4    Dex:  9    Spells: 6/6 levels left

rFire   . . .        Y - +0 war axe
rCold   . . .        c - +0 buckler
rNeg    + . .        h - +0 chain mail
rPois   inf          e - +0 helmet
rElec   +            (no cloak)
rCorr   .            (no gloves)
SInv    .            (no boots)
Will    .....        (no amulet) Stlth
                     (no ring)
HPRegen 0.27/turn    (no ring)
MPRegen 0.10/turn

%: no passive effects
@: no status effects
A: sickness immunity, AC +4, negative energy resistance 1, electricity
resistance, torment resistance 1, petrification resistance
a: no special abilities


You were on level 5 of the Dungeon.
You visited 1 branch of the dungeon, and saw 5 of its levels.

You collected 272 gold pieces.


Innate Abilities, Weirdness & Mutations

You are immune to sickness and miasma.
Your stone body is resilient. (AC +4)
You are immune to poison.
You resist negative energy. (rN+)
You are resistant to electric shocks. (rElec)
You are resistant to unholy torment.
You are immune to petrification.


   Skills:
 + Level 4.0 Fighting
 - Level 7.2 Axes
 - Level 3.2 Armour
 - Level 1.3 Dodging
 - Level 3.2 Shields


You had 6 spell levels left.
You didn't know any spells.
Your spell library was empty.

Inventory:

Hand Weapons
 n - a +1 flail of holy wrath
 Y - a +0 war axe (weapon)
Armour
 c - a +0 buckler (worn)
 e - a +0 helmet (worn)
 h - a +0 chain mail (worn)
 i - a +0 pair of boots
Wands
 q - a wand of digging (4)
Scrolls
 a - a scroll of identify
Potions
 b - 2 potions of curing
 d - a potion of might
 f - a potion of attraction
 g - a potion of lignification
 k - 2 potions of mutation
 l - a potion of ambrosia {unknown}
 m - a potion of berserk rage {unknown}
 p - a potion of cancellation {unknown}
 r - a potion of resistance {unknown}

Dungeon Overview and Level Annotations

Branches:
Dungeon (5/15)
 Temple: D:4-7

Altars:
Uskayaw
Zin

Shops:
D:2 [   D:3 (


Message History

You hit the steam dragon but do no damage.
The steam dragon bites you.
The steam dragon claws you but does no damage.
You closely miss the steam dragon.
The steam dragon bites you but does no damage.
The steam dragon barely misses you.
You barely miss the steam dragon. The steam dragon bites you.
The steam dragon claws you but does no damage.
You closely miss the steam dragon. The steam dragon barely misses you.
The steam dragon claws you but does no damage.
You hit the steam dragon.
The steam dragon is lightly wounded.
The steam dragon breathes steam at you. The ball of steam misses you.
You block the steam dragon's attack. The steam dragon closely misses you.
You closely miss the steam dragon.
The steam dragon is lightly wounded.
You are engulfed in a cloud of scalding steam.
The steam dragon closely misses you.
The steam dragon claws you but does no damage.
You barely miss the steam dragon.
The steam dragon is lightly wounded.
You are engulfed in a cloud of scalding steam.
The steam dragon bites you.
The steam dragon claws you but does no damage.
You hit the steam dragon.
The steam dragon is lightly wounded.
You are engulfed in a cloud of scalding steam.
The steam dragon barely misses you. The steam dragon completely misses you.
You hit the steam dragon.
The steam dragon is lightly wounded.
The steam dragon bites you but does no damage.
The steam dragon claws you but does no damage.
You closely miss the steam dragon.
The steam dragon is lightly wounded.
The steam dragon breathes steam at you. The ball of steam hits you!
You die...

#.# #.# #.#
#.#
######.#
#.#
..>....#
#.#
.#######
#.# .# #.#
.# #.#####
.# #.....#
.# #####@#
.# #D# .#
#.#
.##########
#.#
..........#
#.#
#########.#
#.# #.# #.#
#.# #.# #.#


You could see a steam dragon (catching breath).

Vanquished Creatures
  A black bear (D:5)
  An ogre (D:5)
  A scorpion (D:4)
  2 hounds
  3 jellies
  2 sleepcaps
  3 iguanas
  Robin (D:4)
  2 adders (D:4)
  4 gnolls (D:3)
  A white imp (D:5)
  2 worms (D:2)
  2 dart slugs (D:1)
  13 orcs
  8 ball pythons
  6 bats
  10 endoplasms
  2 giant cockroaches
  11 goblins
  13 hobgoblins
  13 jackals
  4 quokkas
  2 frilled lizards (D:1)
  7 kobolds
  6 rats
120 creatures vanquished.

Vanquished Creatures (others)
  A hobgoblin (D:4)
1 creature vanquished.

Grand Total: 121 creatures vanquished

Notes
Turn   | Place    | Note
-------+----------+-------------------------------------------
     0 | D:1      | qw the Gargoyle Fighter began the quest for the Orb.
     0 | D:1      | Reached XP level 1. HP: 14/14 MP: 1/1
     0 | D:1      | 0 ||| qw: Version: 0.2-a-102-gfc559e5
     0 | D:1      | 0 ||| qw: Game counter: 578
     0 | D:1      | 0 ||| qw: Always use a shield: true
     0 | D:1      | 0 ||| qw: God list: Okawaru
     0 | D:1      | 0 ||| qw: Allow faded altars: false
     0 | D:1      | 0 ||| qw: Do Orc after D:15 true
     0 | D:1      | 0 ||| qw: Do second Lair branch before Depths: true
     0 | D:1      | 0 ||| qw: Lair rune preference: random
     0 | D:1      | 0 ||| qw: Plans: Normal, Zot:1-4, Slime:5, God:TSO, Crypt,
                  | Tomb, Pan, Hells, Abyss, Win
     0 | D:1      | 0 ||| PLANNING D:1-11
    29 | D:1      | 29 ||| Stepping ~*~*~tactically~*~*~ (stealth).
    34 | D:1      | 34 ||| Stepping ~*~*~tactically~*~*~ (stealth).
    38 | D:1      | Reached skill level 2 in Axes
   108 | D:1      | Reached XP level 2. HP: 19/19 MP: 2/2
   139 | D:1      | 139 ||| DROPPING +0 club.
   574 | D:1      | 574 ||| Stepping ~*~*~tactically~*~*~ (hiding).
   586 | D:1      | Reached skill level 3 in Axes
   593 | D:1      | Reached XP level 3. HP: 23/23 MP: 3/3
   738 | D:1      | 738 ||| READING scroll labelled OREICW JUFIC.
   739 | D:1      | 739 ||| READING scroll labelled COGYKAFF MYMYU.
   799 | D:2      | 799 ||| Stepping ~*~*~tactically~*~*~ (stealth).
   927 | D:2      | Found a faded altar of an unknown god.
   971 | D:2      | Found Maotixastumm's Armour Shop.
   978 | D:2      | 978 ||| Stepping ~*~*~tactically~*~*~ (stealth).
   986 | D:2      | 986 ||| SHOPLISTING +0 leather armour of cold resistance
                  | (108 gold, have 73).
   986 | D:2      | 986 ||| SHOPLISTING +3 ring mail of poison resistance (276
                  | gold, have 73).
   986 | D:2      | 986 ||| SHOPLISTING scarf of resistance (384 gold, have
                  | 73).
  1053 | D:2      | 1053 ||| Stepping ~*~*~tactically~*~*~ (stealth).
  1056 | D:2      | 1056 ||| Stepping ~*~*~tactically~*~*~ (stealth).
  1057 | D:2      | 1057 ||| Stepping ~*~*~tactically~*~*~ (stealth).
  1061 | D:2      | 1061 ||| Stepping ~*~*~tactically~*~*~ (stealth).
  1062 | D:2      | 1062 ||| Stepping ~*~*~tactically~*~*~ (stealth).
  1066 | D:2      | Reached XP level 4. HP: 27/28 MP: 4/4
  1137 | D:2      | 1137 ||| Stepping ~*~*~tactically~*~*~ (hiding).
  1162 | D:2      | 1162 ||| Stepping ~*~*~tactically~*~*~ (stealth).
  1323 | D:2      | Reached skill level 4 in Axes
  1447 | D:2      | 1447 ||| Stepping ~*~*~tactically~*~*~ (stealth).
  1526 | D:2      | 1526 ||| READING 4 scrolls of identify.
  1526 | D:2      | 1526 ||| IDENTIFYING ruby potion
  1527 | D:2      | 1527 ||| READING 3 scrolls of identify.
  1527 | D:2      | 1527 ||| IDENTIFYING sapphire potion
  1528 | D:2      | 1528 ||| READING 2 scrolls of identify.
  1528 | D:2      | 1528 ||| IDENTIFYING bubbling green potion
  1529 | D:2      | 1529 ||| DROPPING potion of flight.
  1530 | D:2      | 1530 ||| DROPPING potion of brilliance.
  1553 | D:3      | Found Kittoeci's Weapon Boutique.
  1655 | D:3      | Found a hide-covered altar of Uskayaw.
  1658 | D:3      | Found a glowing silver altar of Zin.
  1677 | D:3      | You fall into a shaft and drop 1 floor!
  1689 | D:4      | 1689 ||| Stepping ~*~*~tactically~*~*~ (stealth).
  1691 | D:4      | Noticed Robin
  1700 | D:4      | Reached XP level 5. HP: 30/32 MP: 5/5
  1702 | D:4      | Killed Robin
  1780 | D:4      | 1780 ||| Stepping ~*~*~tactically~*~*~ (stealth).
  1801 | D:4      | Identified the +6 spear of Dominance {heavy, Str+3}
  1808 | D:4      | 1808 ||| UPGRADING to +0 helmet.
  1814 | D:4      | 1814 ||| FLEEEEING.
  1815 | D:4      | 1815 ||| STAIRDANCE
  1850 | D:3      | 1850 ||| DROPPING +0 whip.
  1875 | D:3      | 1875 ||| Stepping ~*~*~tactically~*~*~ (stealth).
  1939 | D:3      | Reached skill level 5 in Axes
  2179 | D:3      | 2179 ||| Stepping ~*~*~tactically~*~*~ (stealth).
  2416 | D:3      | 2416 ||| UPGRADING to +0 chain mail.
  2426 | D:3      | 2426 ||| DROPPING +0 scale mail.
  2427 | D:3      | 2427 ||| DROPPING +1 leather armour of fire resistance.
  2428 | D:3      | 2428 ||| READING scroll labelled MIURAO ZISYO.
  2429 | D:3      | 2429 ||| READING 4 scrolls of identify.
  2429 | D:3      | 2429 ||| IDENTIFYING fizzy coppery potion
  2430 | D:3      | 2430 ||| READING 3 scrolls of identify.
  2430 | D:3      | 2430 ||| IDENTIFYING bubbling brown potion
  2431 | D:3      | 2431 ||| READING 2 scrolls of identify.
  2431 | D:3      | 2431 ||| IDENTIFYING fuming inky potion
  2432 | D:3      | 2432 ||| DROPPING potion of degeneration.
  2533 | D:4      | 2533 ||| Stepping ~*~*~tactically~*~*~ (hiding).
  2549 | D:4      | 2549 ||| FLEEEEING.
  2550 | D:4      | 2550 ||| FLEEEEING.
  2551 | D:4      | 2551 ||| FLEEEEING.
  2552 | D:4      | 2552 ||| FLEEEEING.
  2553 | D:4      | 2553 ||| FLEEEEING.
  2554 | D:4      | 2554 ||| FLEEEEING.
  2555 | D:4      | 2555 ||| FLEEEEING.
  2558 | D:4      | 2558 ||| FLEEEEING.
  2559 | D:4      | 2559 ||| FLEEEEING.
  2691 | D:4      | Reached XP level 6. HP: 36/38 MP: 6/6
  2967 | D:4      | Reached skill level 6 in Axes
  3236 | D:4      | Reached skill level 1 in Dodging
  3389 | D:4      | 3389 ||| READING 2 scrolls of identify.
  3389 | D:4      | 3389 ||| IDENTIFYING purple potion
  3395 | D:5      | Entered Level 5 of the Dungeon
  3398 | D:5      | 3398 ||| Stepping ~*~*~tactically~*~*~ (hiding).
  3399 | D:5      | 3399 ||| Stepping ~*~*~tactically~*~*~ (hiding).
  3408 | D:5      | Reached XP level 7. HP: 42/43 MP: 7/7
  3701 | D:5      | 3701 ||| Stepping ~*~*~tactically~*~*~ (stealth).
  3736 | D:5      | 3736 ||| FLEEEEING.
  3744 | D:5      | Reached skill level 7 in Axes
  3746 | D:5      | 3746 ||| STAIRDANCE
  3953 | D:5      | Noticed a steam dragon
  3964 | D:5      | Killed from afar by a steam dragon

Levels and vault maps discovered:
D:1:      grunt_arrival_crossed_arrows, layout_loops_cross
D:2:      layout_loops_ring, serial_shops, nicolae_square_shop,
          hellmonk_ecumenical_altar_run_dry, chequers_serial_rivers_room_a
D:3:      minmay_recursive_quarters, layout_basic, jmf_multi_god_temple,
          serial_shops, shop, serial_glass, glass_columns_a, glass_columns_a,
          item_on_display_a, feat_on_display, feat_on_display
D:4:      layout_basic, uniq_robin
D:5:      layout_loops_ring

Skill      XL: |  1  2  3  4  5  6  7 |
---------------+----------------------+-----
Axes           | 2 3 4 5 6 7 |  7.2
Fighting       | 4 |  4.0
Dodging        | 1 |  1.3
Armour         | |  3.2
Shields        | |  3.2

Action                     |  1- 3 |  4- 6 |  7- 9 || total
---------------------------+-------+-------+-------++-------
  Melee: War axe           |   129 |   197 |    60 ||   386
    Use: Scroll            |     2 |     8 |       ||    10
 Armour: Scale mail        |    79 |    69 |       ||   148
         Chain mail        |       |    49 |    34 ||    83
  Dodge: Dodged            |    65 |   101 |    15 ||   181
  Block: Buckler           |    18 |    45 |     9 ||    72

Table legend:
 A = Non-vault XP
 B = Vault XP
 C = Vault XP percentage of total XP
 D = Non-vault monster count
 E = Vault monster count
 F = Vault count percentage of total count
                 A         B        C        D         E       F
            +---------+---------+-------+---------+---------+-------
      Total |     936 |      86 |   8.4 |     102 |      19 |  15.7
            +---------+---------+-------+---------+---------+-------
        D:1 |      43 |       0 |   0.0 |      23 |       0 |   0.0
        D:2 |      61 |       0 |   0.0 |      30 |       0 |   0.0
        D:3 |      79 |      50 |  38.8 |      15 |       7 |  31.8
        D:4 |     345 |      36 |   9.4 |      24 |      12 |  33.3
        D:5 |     408 |       0 |   0.0 |      10 |       0 |   0.0
            +---------+---------+-------+---------+---------+-------
